[Event "Niedersachsen-ch Meister 2024"]
[Site "Verden Aller"]
[Date "2024.01.04"]
[Round "1.1"]
[White "Mueer, Sebastian"]
[Black "Abel, Dennes"]
[Result "0-1"]
[ECO "D10"]
[WhiteElo "2189"]
[BlackElo "2417"]
[Annotator "RC"]
[PlyCount "110"]
[EventDate "2024.01.01"]
[EventType "swiss"]
[EventCountry "GER"]
[SourceTitle "playchess.com"]
[Source "ChessBase"]
[SourceQuality "1"]
[TimeControl "40/5400+30:1800+30"]

1. d4 d5 2. c4 c6 3. Nc3 dxc4 4. e3 e5 5. Bxc4 exd4 6. exd4 Nf6 7. Nf3 Be7 8. O-O O-O 9. Ne5 Nbd7 10. Qe2 Nb6 11. Bb3 Nbd5 12. Re1 Be6 13. Qf3 Nc7 14. Bxe6 Nxe6 15. Be3 Nc7 16. Rad1 Nfd5 17. Bd2 f6 18. Nd3 Bd6 19. Nc5 Bxc5 20. dxc5 Nxc3 21. bxc3 Re8 22. Bf4 Rxe1+ 23. Rxe1 Nd5 24. Bd6 b5 25. h4 Qd7 26. a4 a6 27. axb5 axb5 28. c4 bxc4 29. Qe4 c3 30. h5 f5 31. Qc4 Re8 32. Be5 Qf7 33. h6 g5 34. Bxc3 Rxe1+ 35. Bxe1 Qe6 36. Bd2 Qxh6 37. Qa6 Qf6 38. Qb7 h6 39. g3 f4 40. gxf4 gxf4 41. Kg2 Qg6+ 42. Kh3 Qd3+ 43. Kh4 Qxd2 44. Qc8+ Kf7 45. Qd7+ Kf6 46. Qxc6+ Ke5 47. Qd6+ Kd4 48. c6 Qxf2+ 49. Kh5 Qe2+ 50. Kxh6 Qe5 51. Qa3 Qe6+ 52. Kg5 Qf6+ 53. Kg4 Qg6+ 54. Kh4 Qh6+ 55. Kg4 Ne3+ 0-1

[Event "Niedersachsen-ch Meister 2024"]
[Site "Verden Aller"]
[Date "2024.01.04"]
[Round "1.2"]
[White "Stelmaszyk, Nico"]
[Black "Sauer, Tim"]
[Result "1-0"]
[ECO "B22"]
[WhiteElo "2363"]
[BlackElo "2126"]
[Annotator "RC"]
[PlyCount "67"]
[EventDate "2024.01.01"]
[EventType "swiss"]
[EventCountry "GER"]
[SourceTitle "playchess.com"]
[Source "ChessBase"]
[SourceQuality "1"]
[TimeControl "40/5400+30:1800+30"]

1. e4 c5 2. c3 d5 3. exd5 Qxd5 4. d4 Nf6 5. Nf3 Bg4 6. dxc5 Qxd1+ 7. Kxd1 e5 8. b4 e4 9. h3 Bh5 10. g4 Nxg4 11. hxg4 Bxg4 12. Rg1 Bxf3+ 13. Kc2 Nc6 14. Nd2 Ne5 15. Bb5+ Ke7 16. Nxf3 Nxf3 17. Rd1 Ke6 18. Bc4+ Kf6 19. Bd5 Ke5 20. Bxb7 Rb8 21. c6 Bd6 22. Be3 Rbd8 23. Bxa7 h5 24. Bb6 Rb8 25. a4 h4 26. a5 h3 27. a6 h2 28. c7 Rbf8 29. a7 Ng1 30. Rxg1 hxg1=Q 31. Rxg1 Ke6 32. Ra1 Ra8 33. c8=Q+ Rhxc8 34. Bxc8+ 1-0

[Event "Niedersachsen-ch Meister 2024"]
[Site "Verden Aller"]
[Date "2024.01.04"]
[Round "1.3"]
[White "Reimer, Philip"]
[Black "Pubantz, Jan"]
[Result "1/2-1/2"]
[ECO "B12"]
[WhiteElo "2152"]
[BlackElo "2288"]
[Annotator "RC"]
[PlyCount "85"]
[EventDate "2024.01.01"]
[EventType "swiss"]
[EventCountry "GER"]
[SourceTitle "playchess.com"]
[Source "ChessBase"]
[SourceQuality "1"]
[TimeControl "40/5400+30:1800+30"]

1. e4 c6 2. d4 d5 3. e5 Bf5 4. Nf3 e6 5. Be2 c5 6. Be3 Qb6 7. O-O Nc6 8. c4 dxc4 9. Na3 Bd3 10. Bxd3 cxd3 11. dxc5 Bxc5 12. Nc4 Qa6 13. Rc1 Be7 14. Qxd3 Nb4 15. Qe4 Nd5 16. Qg4 Kf8 17. Nd4 g6 18. Bg5 Kg7 19. h4 Bxg5 20. hxg5 h6 21. Nd6 hxg5 22. Nxe6+ fxe6 23. Qxe6 Nge7 24. Rfd1 Rhf8 25. Rxd5 Nxd5 26. Qxd5 Qb6 27. Qxb7+ Qxb7 28. Nxb7 Rac8 29. Nc5 Kf7 30. b4 Rfd8 31. Rc3 Rd1+ 32. Kh2 Rd4 33. Ra3 Rh4+ 34. Kg3 Rc7 35. e6+ Ke8 36. Rf3 a5 37. a3 Rc6 38. Rb3 axb4 39. axb4 Rb6 40. b5 Ke7 41. Rd3 Rc4 42. Rd7+ Ke8 43. Na6 1/2-1/2

[Event "Niedersachsen-ch Meister 2024"]
[Site "Verden Aller"]
[Date "2024.01.04"]
[Round "1.4"]
[White "Hampel, Felix"]
[Black "Renner, Kai"]
[Result "1-0"]
[ECO "A88"]
[WhiteElo "2294"]
[BlackElo "2153"]
[Annotator "RC"]
[PlyCount "95"]
[EventDate "2024.01.01"]
[EventType "swiss"]
[EventCountry "GER"]
[SourceTitle "playchess.com"]
[Source "ChessBase"]
[SourceQuality "1"]
[TimeControl "40/5400+30:1800+30"]

1. c4 f5 2. Nf3 Nf6 3. g3 g6 4. Bg2 Bg7 5. O-O O-O 6. d4 d6 7. Nc3 c6 8. d5 e5 9. dxe6 Bxe6 10. b3 Na6 11. Ng5 Bc8 12. Bb2 Qe7 13. Qc2 h6 14. Nf3 Be6 15. Nh4 Bf7 16. Rae1 d5 17. cxd5 Nb4 18. Qb1 Nfxd5 19. Nxd5 cxd5 20. Bxg7 Kxg7 21. e3 Qf6 22. Rd1 Rfd8 23. Rd2 Rd6 24. Rfd1 Rad8 25. Nf3 g5 26. Nd4 Bg6 27. Qc1 Bh5 28. Bh3 g4 29. Bg2 a6 30. Nxf5+ Qxf5 31. Qc3+ Qf6 32. Qxb4 d4 33. Rxd4 Rxd4 34. Rxd4 Rxd4 35. Qxd4 Qxd4 36. exd4 b6 37. Kf1 Kf6 38. Ke2 Bg6 39. Ke3 Bb1 40. a3 a5 41. h3 gxh3 42. Bxh3 Ba2 43. b4 Bd5 44. bxa5 bxa5 45. f4 Ke7 46. Bg4 Kf6 47. Bf3 Be6 48. d5 1-0

[Event "Niedersachsen-ch Meister 2024"]
[Site "Verden Aller"]
[Date "2024.01.04"]
[Round "1.5"]
[White "Evering, Soeren"]
[Black "Voege, Tobias"]
[Result "0-1"]
[ECO "C11"]
[WhiteElo "2034"]
[BlackElo "2283"]
[Annotator "RC"]
[PlyCount "96"]
[EventDate "2024.01.01"]
[EventType "swiss"]
[EventCountry "GER"]
[SourceTitle "playchess.com"]
[Source "ChessBase"]
[SourceQuality "1"]
[TimeControl "40/5400+30:1800+30"]

1. e4 e6 2. d4 d5 3. Nc3 Nf6 4. e5 Nfd7 5. f4 c5 6. Nf3 Nc6 7. Be3 cxd4 8. Nxd4 Qb6 9. Qd2 Qxb2 10. Rb1 Qa3 11. Bb5 Nxd4 12. Bxd4 a6 13. Bxd7+ Bxd7 14. Rxb7 Bb4 15. O-O Bc8 16. Rb6 O-O 17. Rb1 Bc5 18. R6b3 Qa5 19. Qe3 Bxd4 20. Qxd4 Bd7 21. f5 Rac8 22. f6 Rc4 23. Qd2 Rfc8 24. Qg5 Qc5+ 25. Kh1 Qf8 26. Qg3 g6 27. h3 a5 28. Nb5 a4 29. R3b2 Bxb5 30. Rxb5 Rxc2 31. R1b2 R2c3 32. Qf4 R3c4 33. Qe3 Re4 34. Qa7 Rxe5 35. Rb8 Re1+ 36. Kh2 Rec1 37. Rxc8 Rxc8 38. Qxa4 Qd6+ 39. g3 Qe5 40. Rf2 Rd8 41. Qa5 Qd6 42. a4 e5 43. Qd2 d4 44. Qh6 Qf8 45. Qg5 e4 46. Kg1 e3 47. Rb2 Qd6 48. Qh6 Qxf6 0-1

[Event "Niedersachsen-ch Meister 2024"]
[Site "Verden Aller"]
[Date "2024.01.04"]
[Round "1.6"]
[White "von Mettenheim, Johannes"]
[Black "Elsner, Robert"]
[Result "1-0"]
[ECO "E04"]
[WhiteElo "2284"]
[BlackElo "2030"]
[Annotator "RC"]
[PlyCount "57"]
[EventDate "2024.01.01"]
[EventType "swiss"]
[EventCountry "GER"]
[SourceTitle "playchess.com"]
[Source "ChessBase"]
[SourceQuality "1"]
[TimeControl "40/5400+30:1800+30"]

1. d4 Nf6 2. Nf3 e6 3. c4 d5 4. g3 dxc4 5. Bg2 Bd7 6. O-O Bc6 7. Qc2 Nbd7 8. Nbd2 Be7 9. Rd1 O-O 10. Nxc4 Be4 11. Qb3 c5 12. Bf4 Nd5 13. Bd6 cxd4 14. Bxe7 Qxe7 15. Rxd4 Nc5 16. Qa3 Qf6 17. Rad1 b6 18. b4 Bxf3 19. Bxf3 Nb7 20. e4 b5 21. exd5 bxc4 22. dxe6 fxe6 23. Bxb7 Qxf2+ 24. Kh1 Qe2 25. Bg2 c3 26. Qxc3 Rac8 27. Qd2 Rc2 28. Qxe2 Rxe2 29. R4d2 1-0

[Event "Niedersachsen-ch Meister 2024"]
[Site "Verden Aller"]
[Date "2024.01.04"]
[Round "1.7"]
[White "Aden, Tammo"]
[Black "Knuedel, Torben"]
[Result "0-1"]
[ECO "E09"]
[WhiteElo "2025"]
[BlackElo "2287"]
[Annotator "RC"]
[PlyCount "89"]
[EventDate "2024.01.01"]
[EventType "swiss"]
[EventCountry "GER"]
[SourceTitle "playchess.com"]
[Source "ChessBase"]
[SourceQuality "1"]
[TimeControl "40/5400+30:1800+30"]

1. d4 Nf6 2. Nf3 d5 3. c4 e6 4. g3 Be7 5. Bg2 O-O 6. O-O a5 7. Nbd2 Nbd7 8. Qc2 c6 9. e4 b6 10. Rd1 Bb7 11. b3 Rc8 12. Bb2 Qc7 13. Rac1 Qb8 14. Qb1 h6 15. Ne5 Rfd8 16. a3 Nxe5 17. dxe5 Ng4 18. Nf3 Bc5 19. Rf1 d4 20. Rcd1 Nxe5 21. Nxd4 a4 22. Qc2 Ba6 23. b4 Bxd4 24. Rxd4 Rxd4 25. Bxd4 Nxc4 26. Rd1 e5 27. Bc3 Bb5 28. Qc1 c5 29. bxc5 Rxc5 30. Bb4 Rc8 31. Qa1 Qb7 32. Rc1 Kh7 33. Qa2 Bd7 34. Bf1 b5 35. Qe2 Be6 36. Bg2 Rd8 37. Rd1 Rd7 38. Rd3 Qc8 39. Bf1 Rc7 40. Rc3 Rd7 41. Rd3 Rd4 42. Rxd4 exd4 43. Bg2 Qd7 44. Qd3 Ne5 45. Qxb5 0-1

[Event "Niedersachsen-ch Meister 2024"]
[Site "Verden Aller"]
[Date "2024.01.04"]
[Round "1.8"]
[White "Laubsch, Bernd"]
[Black "Heinemann, Ernst"]
[Result "1/2-1/2"]
[ECO "B15"]
[WhiteElo "2259"]
[BlackElo "2033"]
[Annotator "RC"]
[PlyCount "197"]
[EventDate "2024.01.01"]
[EventType "swiss"]
[EventCountry "GER"]
[SourceTitle "playchess.com"]
[Source "ChessBase"]
[SourceQuality "1"]
[TimeControl "40/5400+30:1800+30"]

1. e4 c6 2. d4 d5 3. Nc3 g6 4. h3 Bg7 5. Nf3 Nf6 6. e5 Ne4 7. Nxe4 dxe4 8. Ng5 c5 9. c3 cxd4 10. cxd4 Nc6 11. Be3 Qa5+ 12. Qd2 Qxd2+ 13. Kxd2 O-O 14. Bc4 Na5 15. Be2 Rd8 16. Ke1 Nc6 17. Rd1 Nb4 18. Bc4 Nd5 19. Nxe4 Nxe3 20. fxe3 Bf5 21. Nc3 Rac8 22. Bb3 g5 23. Rf1 e6 24. Ke2 a6 25. g4 Bg6 26. Rd2 b5 27. a3 Bf8 28. Bc2 Bxa3 29. Bxg6 hxg6 30. Nxb5 Bb4 31. Nc3 Bxc3 32. bxc3 Rxc3 33. Ra2 Rb8 34. Rf3 Rbb3 35. Rxa6 Rc2+ 36. Kd1 Rh2 37. Kc1 Rc3+ 38. Kb1 Rb3+ 39. Ka1 Rhb2 40. Rf1 Rb7 41. Ra8+ Kg7 42. Ra7 R2b3 43. Rxb7 Rxb7 44. Rb1 Rc7 45. Kb2 Rc8 46. Rc1 Rh8 47. Rh1 Rc8 48. Kb3 Kf8 49. Kb4 Ke7 50. Ra1 Rc7 51. Ra3 Rc1 52. Kb5 Rc2 53. Ra7+ Ke8 54. e4 Re2 55. d5 Rxe4 56. d6 Re1 57. Re7+ Kd8 58. Rxf7 Rb1+ 59. Kc6 Rc1+ 60. Kb6 Rb1+ 61. Kc5 Rc1+ 62. Kd4 Rd1+ 63. Ke3 Re1+ 64. Kf2 Rxe5 65. Re7 Re4 66. Rg7 Re5 67. Kf3 Ke8 68. Rxg6 Kd7 69. h4 gxh4 70. Rh6 Kxd6 71. Rxh4 Ke7 72. Kf4 Ra5 73. Rh6 Kf7 74. g5 Ra4+ 75. Kg3 Rb4 76. Rf6+ Kg7 77. Rxe6 Ra4 78. Rf6 Rb4 79. Rf4 Rb1 80. Kg4 Rg1+ 81. Kf5 Ra1 82. Re4 Rf1+ 83. Kg4 Rg1+ 84. Kh5 Rh1+ 85. Rh4 Ra1 86. Rh3 Rb1 87. Re3 Rh1+ 88. Kg4 Rg1+ 89. Kf4 Rf1+ 90. Rf3 Ra1 91. Kf5 Ra5+ 92. Kg4 Ra1 93. Re3 Rg1+ 94. Kf4 Rf1+ 95. Rf3 Ra1 96. Kf5 Ra5+ 97. Kg4 Ra1 98. Kf5 Ra5+ 99. Ke4 1/2-1/2

[Event "Niedersachsen-ch Meister 2024"]
[Site "Verden Aller"]
[Date "2024.01.04"]
[Round "1.9"]
[White "Oest, Thorsten"]
[Black "Polster, Christian"]
[Result "0-1"]
[ECO "B50"]
[WhiteElo "1981"]
[BlackElo "2244"]
[Annotator "RC"]
[PlyCount "56"]
[EventDate "2024.01.01"]
[EventType "swiss"]
[EventCountry "GER"]
[SourceTitle "playchess.com"]
[Source "ChessBase"]
[SourceQuality "1"]
[TimeControl "40/5400+30:1800+30"]

1. e4 c5 2. Nf3 d6 3. c4 Bg4 4. d4 Bxf3 5. gxf3 cxd4 6. Qxd4 Nc6 7. Qc3 Nf6 8. Bg5 e5 9. Be3 d5 10. Qb3 Bb4+ 11. Bd2 Nd4 12. Qa4+ b5 13. cxb5 Nxf3+ 14. Ke2 Nd4+ 15. Ke1 Bxd2+ 16. Nxd2 O-O 17. Bg2 Nxe4 18. Nxe4 dxe4 19. h4 f5 20. Kf1 Qd5 21. Rh3 f4 22. Kg1 Ne2+ 23. Kh2 f3 24. Bf1 Qd4 25. Qb3+ Kh8 26. Qe3 Rad8 27. Bxe2 Qxe3 28. fxe3 Rd2 0-1

[Event "Niedersachsen-ch Meister 2024"]
[Site "Verden Aller"]
[Date "2024.01.04"]
[Round "1.10"]
[White "Gentemann, Moritz"]
[Black "Bennemann, Ingmar"]
[Result "1-0"]
[ECO "A27"]
[WhiteElo "2239"]
[BlackElo "1971"]
[Annotator "RC"]
[PlyCount "75"]
[EventDate "2024.01.01"]
[EventType "swiss"]
[EventCountry "GER"]
[SourceTitle "playchess.com"]
[Source "ChessBase"]
[SourceQuality "1"]
[TimeControl "40/5400+30:1800+30"]

1. c4 e5 2. Nc3 Nc6 3. Nf3 f5 4. g3 Nf6 5. d4 e4 6. Nh4 g6 7. Bg5 Bg7 8. e3 Ne7 9. Ng2 h6 10. Bxf6 Bxf6 11. Nf4 O-O 12. c5 b6 13. b4 Rb8 14. Bc4+ Kh7 15. O-O bxc5 16. bxc5 d6 17. cxd6 Qxd6 18. Nb5 Qb4 19. Qc2 Qa5 20. Nxc7 Bd7 21. Na6 Ba4 22. Qe2 Rbc8 23. Ne6 Rh8 24. Nac5 Bc6 25. Rfc1 Nd5 26. Rab1 Rb8 27. Qe1 Qxe1+ 28. Rxe1 Be7 29. Rec1 g5 30. Rxb8 Rxb8 31. Bb3 Rb6 32. Na4 Bxa4 33. Bxd5 Bd6 34. g4 Kg6 35. Nc5 Bc6 36. gxf5+ Kxf5 37. Be6+ Kf6 38. d5 1-0

[Event "Niedersachsen-ch Meister 2024"]
[Site "Verden Aller"]
[Date "2024.01.04"]
[Round "1.11"]
[White "Hans, Julian"]
[Black "Riemay, David"]
[Result "0-1"]
[ECO "B08"]
[WhiteElo "1925"]
[BlackElo "2213"]
[Annotator "RC"]
[PlyCount "48"]
[EventDate "2024.01.01"]
[EventType "swiss"]
[EventCountry "GER"]
[SourceTitle "playchess.com"]
[Source "ChessBase"]
[SourceQuality "1"]
[TimeControl "40/5400+30:1800+30"]

1. e4 d6 2. d4 Nf6 3. Nc3 g6 4. Nf3 Bg7 5. h3 O-O 6. Be3 a6 7. a4 e5 8. dxe5 dxe5 9. Bc4 Qe7 10. O-O Be6 11. Qe2 Nbd7 12. Nd2 Nh5 13. Bxe6 fxe6 14. Nb3 Nf4 15. Qc4 Rf7 16. Nc5 Nxc5 17. Qxc5 Qh4 18. Qc4 Nxh3+ 19. gxh3 Qxh3 20. Rfe1 Qg4+ 21. Kf1 Raf8 22. Qe2 Rf3 23. Red1 Qh4 24. Ke1 Bh6 0-1

[Event "Niedersachsen-ch Meister 2024"]
[Site "Verden Aller"]
[Date "2024.01.04"]
[Round "1.12"]
[White "Tonndorf, Matthias"]
[Black "Mimkes, Antal"]
[Result "1/2-1/2"]
[ECO "A01"]
[WhiteElo "2184"]
[BlackElo "1823"]
[Annotator "RC"]
[PlyCount "103"]
[EventDate "2024.01.01"]
[EventType "swiss"]
[EventCountry "GER"]
[SourceTitle "playchess.com"]
[Source "ChessBase"]
[SourceQuality "1"]
[TimeControl "40/5400+30:1800+30"]

1. b3 f5 2. Bb2 Nf6 3. Bxf6 exf6 4. c4 c6 5. g3 d5 6. cxd5 cxd5 7. Nf3 Nc6 8. Bg2 d4 9. O-O Bd6 10. e3 Be5 11. exd4 Nxd4 12. Nxe5 fxe5 13. Re1 O-O 14. Nc3 Nc6 15. Bxc6 bxc6 16. Rxe5 f4 17. Qe2 Qf6 18. Qc4+ Kh8 19. Qxf4 Qxf4 20. gxf4 Bg4 21. Kg2 Rxf4 22. h3 Bf3+ 23. Kg3 Rf6 24. Rae1 Raf8 25. h4 Bd5 26. Nxd5 Rf3+ 27. Kg2 Rxf2+ 28. Kg1 cxd5 29. Re8 Kg8 30. Rxf8+ Rxf8 31. Re5 Rf4 32. Rxd5 Rxh4 33. Rd8+ Kf7 34. Kf2 a5 35. Ra8 Rh5 36. Ra6 Rd5 37. Ke3 h5 38. Ra8 Kf6 39. d4 h4 40. Rf8+ Kg6 41. Rh8 Rh5 42. Rxh5 Kxh5 43. a3 Kg6 44. b4 axb4 45. axb4 Kf5 46. b5 Ke6 47. b6 Kd6 48. d5 g5 49. Kf3 h3 50. Kg3 g4 51. Kh2 Kd7 52. Kg3 1/2-1/2

[Event "Niedersachsen-ch Meister 2024"]
[Site "Verden Aller"]
[Date "2024.01.04"]
[Round "1.13"]
[White "Bundan, Edward"]
[Black "Bargsten, Justus"]
[Result "1-0"]
[ECO "B30"]
[WhiteElo "1706"]
[BlackElo "2216"]
[Annotator "RC"]
[PlyCount "119"]
[EventDate "2024.01.01"]
[EventType "swiss"]
[EventCountry "GER"]
[SourceTitle "playchess.com"]
[Source "ChessBase"]
[SourceQuality "1"]
[TimeControl "40/5400+30:1800+30"]

1. e4 c5 2. Nf3 Nc6 3. Bb5 e6 4. O-O Nge7 5. d4 cxd4 6. Nxd4 Qb6 7. Bxc6 bxc6 8. Nc3 e5 9. Nb3 Ng6 10. Be3 Qc7 11. Qd2 Be7 12. Rad1 d6 13. f4 exf4 14. Bxf4 Nxf4 15. Qxf4 O-O 16. Nd4 Bf6 17. Kh1 Rb8 18. b3 Be5 19. Qd2 Bg4 20. Nf3 Rbd8 21. h3 Bh5 22. Qg5 Bxc3 23. Qxh5 Qe7 24. Rd3 g6 25. Qg5 Bf6 26. Qf4 Bg7 27. Nd4 Rc8 28. Nf3 Rcd8 29. Nd4 Qc7 30. c4 Be5 31. Qf3 Rde8 32. Rfd1 Re7 33. Qg4 Bg7 34. Ne2 Rfe8 35. Ng3 h5 36. Qf4 Be5 37. Qg5 Bxg3 38. Qxg3 Rxe4 39. Qxd6 Qb6 40. c5 Qa5 41. Qxc6 Qb4 42. Rd4 Re1+ 43. Kh2 Qc3 44. Rxe1 Rxe1 45. Qf6 Re8 46. Rf4 Qe5 47. Qxf7+ Kh8 48. Qf6+ Qxf6 49. Rxf6 Kg7 50. Rc6 Re7 51. Rc8 Kf7 52. b4 Ke6 53. Rc6+ Kd5 54. Rxg6 Kc4 55. a3 a5 56. bxa5 Ra7 57. a6 Kxc5 58. Rg5+ Kd4 59. Rxh5 Rxa6 60. Rh4+ 1-0

[Event "Niedersachsen-ch Meister 2024"]
[Site "Verden Aller"]
[Date "2024.01.04"]
[Round "1.14"]
[White "Nechitaylo, Nikita"]
[Black "Muecke, Leonard"]
[Result "1-0"]
[ECO "E80"]
[WhiteElo "2221"]
[BlackElo "1694"]
[Annotator "RC"]
[PlyCount "63"]
[EventDate "2024.01.01"]
[EventType "swiss"]
[EventCountry "GER"]
[SourceTitle "playchess.com"]
[Source "ChessBase"]
[SourceQuality "1"]
[TimeControl "40/5400+30:1800+30"]

1. d4 g6 2. e4 d6 3. c4 Nf6 4. Nc3 Bg7 5. f3 Nfd7 6. h4 e5 7. d5 a5 8. Be3 Na6 9. Bd3 Ndc5 10. Bc2 h5 11. a3 Bd7 12. Rb1 b6 13. b4 Nb7 14. Ba4 axb4 15. axb4 Bh6 16. Bxh6 Rxh6 17. Bc6 Qc8 18. Qa4 Nac5 19. Qc2 Na6 20. Qa4 Nac5 21. Qb5 Na6 22. Ra1 Bxc6 23. dxc6 Nd8 24. Nd5 Ne6 25. Qa4 Rh8 26. b5 Nec5 27. Qd1 f5 28. bxa6 fxe4 29. fxe4 Nxe4 30. Qf3 Nc5 31. Qf6 Nd3+ 32. Kd2 1-0

[Event "Niedersachsen-ch Meister 2024"]
[Site "Verden Aller"]
[Date "2024.01.04"]
[Round "2.1"]
[White "Abel, Dennes"]
[Black "Gentemann, Moritz"]
[Result "1-0"]
[ECO "A17"]
[WhiteElo "2417"]
[BlackElo "2239"]
[Annotator "RC"]
[PlyCount "55"]
[EventDate "2024.01.01"]
[EventType "swiss"]
[EventCountry "GER"]
[SourceTitle "playchess.com"]
[Source "ChessBase"]
[SourceQuality "1"]
[TimeControl "40/5400+30:1800+30"]

1. Nf3 d5 2. e3 Nf6 3. c4 e6 4. Nc3 Bd6 5. b3 O-O 6. Bb2 c5 7. cxd5 exd5 8. d4 cxd4 9. Nxd4 Nc6 10. Be2 Re8 11. Nxc6 bxc6 12. O-O h5 13. Bf3 Ng4 14. g3 Qg5 15. h4 Qe7 16. Ne2 Ba6 17. Re1 Bb4 18. Nc3 Ne5 19. Be2 Bxe2 20. Qxe2 Qf6 21. Kg2 Qg6 22. Red1 Re6 23. Rac1 Rae8 24. Qc2 Qg4 25. Rd4 Qf3+ 26. Kg1 Rg6 27. Ne2 Ng4 28. Rf4 1-0

[Event "Niedersachsen-ch Meister 2024"]
[Site "Verden Aller"]
[Date "2024.01.04"]
[Round "2.2"]
[White "Knuedel, Torben"]
[Black "Stelmaszyk, Nico"]
[Result "1/2-1/2"]
[ECO "B24"]
[WhiteElo "2287"]
[BlackElo "2363"]
[Annotator "RC"]
[PlyCount "84"]
[EventDate "2024.01.01"]
[EventType "swiss"]
[EventCountry "GER"]
[SourceTitle "playchess.com"]
[Source "ChessBase"]
[SourceQuality "1"]
[TimeControl "40/5400+30:1800+30"]

1. e4 c5 2. Nc3 e6 3. Nge2 Nc6 4. g3 d5 5. exd5 exd5 6. d4 cxd4 7. Nxd4 Nf6 8. Bg2 Bg4 9. f3 Bd7 10. Be3 Be7 11. O-O O-O 12. Bf2 Rc8 13. Nce2 Re8 14. c3 Ne5 15. Nf4 Nc4 16. Nd3 Bd6 17. Re1 Rxe1+ 18. Qxe1 Qc7 19. Qc1 Re8 20. a4 a6 21. Bf1 h6 22. b3 Ne5 23. Ra2 Ng6 24. a5 Nh7 25. b4 Ng5 26. Be3 Ne5 27. Nxe5 Bxe5 28. Kf2 Ne6 29. Qd2 Rc8 30. Rc2 Bd6 31. Bd3 Ba4 32. Ra2 Bd7 33. Rc2 Ba4 34. Ra2 Nxd4 35. Bxd4 Bb3 36. Ra1 Qd7 37. Kg2 Bc4 38. Re1 Bxd3 39. Qxd3 Re8 40. Rxe8+ Qxe8 41. Bf2 Qc6 42. Bd4 Qe8 1/2-1/2

[Event "Niedersachsen-ch Meister 2024"]
[Site "Verden Aller"]
[Date "2024.01.04"]
[Round "2.3"]
[White "Polster, Christian"]
[Black "Hampel, Felix"]
[Result "1/2-1/2"]
[ECO "B23"]
[WhiteElo "2244"]
[BlackElo "2294"]
[Annotator "RC"]
[PlyCount "91"]
[EventDate "2024.01.01"]
[EventType "swiss"]
[EventCountry "GER"]
[SourceTitle "playchess.com"]
[Source "ChessBase"]
[SourceQuality "1"]
[TimeControl "40/5400+30:1800+30"]

1. e4 c5 2. Nc3 Nc6 3. Nge2 Nd4 4. Nxd4 cxd4 5. Ne2 e5 6. c3 d5 7. d3 dxe4 8. dxe4 Nf6 9. Ng3 Bc5 10. Bb5+ Bd7 11. Bxd7+ Qxd7 12. cxd4 Bxd4 13. O-O g6 14. Bg5 Ng4 15. Qf3 h6 16. Bd2 O-O-O 17. Bc3 Qe6 18. Ne2 Bxc3 19. Nxc3 f5 20. Rfe1 Kb8 21. Rad1 f4 22. Rxd8+ Rxd8 23. Rd1 Rc8 24. Qd3 Nf6 25. h3 a6 26. Qd6+ Qxd6 27. Rxd6 Rc6 28. Rxc6 bxc6 29. Kf1 Kc7 30. Ke2 Kd6 31. Kd3 Kc5 32. Nb1 Ne8 33. Nd2 Nd6 34. Nf3 Nf7 35. h4 Kb4 36. Nd2 Nd6 37. a3+ Kb5 38. b3 a5 39. Nf3 Nf7 40. Kc3 a4 41. bxa4+ Kxa4 42. Kc4 Nd6+ 43. Kc5 Nxe4+ 44. Kxc6 Nxf2 45. Nxe5 g5 46. hxg5 1/2-1/2

[Event "Niedersachsen-ch Meister 2024"]
[Site "Verden Aller"]
[Date "2024.01.04"]
[Round "2.4"]
[White "Voege, Tobias"]
[Black "Nechitaylo, Nikita"]
[Result "0-1"]
[ECO "A77"]
[WhiteElo "2283"]
[BlackElo "2221"]
[Annotator "RC"]
[PlyCount "92"]
[EventDate "2024.01.01"]
[EventType "swiss"]
[EventCountry "GER"]
[SourceTitle "playchess.com"]
[Source "ChessBase"]
[SourceQuality "1"]
[TimeControl "40/5400+30:1800+30"]

1. d4 Nf6 2. c4 e6 3. Nf3 c5 4. d5 d6 5. Nc3 exd5 6. cxd5 g6 7. Nd2 Nbd7 8. e4 Bg7 9. Be2 O-O 10. O-O Re8 11. a4 a6 12. Ra3 Rb8 13. a5 Ne5 14. Re1 b5 15. axb6 Rxb6 16. f4 Neg4 17. Nf1 h5 18. Bf3 Nh7 19. Ne2 f5 20. Qc2 Nhf6 21. Bxg4 hxg4 22. Nc3 Nxe4 23. Nxe4 Bd4+ 24. Kh1 fxe4 25. Rxe4 Bf5 26. Rxe8+ Qxe8 27. Qd1 Rb7 28. Be3 Re7 29. Qd2 Qb5 30. Kg1 Bxb2 31. Ra5 Qb3 32. Rxa6 Bd3 33. Ra8+ Kg7 34. Bf2 Re2 35. Qa5 Rxf2 36. Kxf2 Bd4+ 37. Ne3 Qb2+ 38. Kg3 Bxe3 39. Rg8+ Kh6 40. Qe1 Qd4 41. Rf8 Bf5 42. Qf1 c4 43. h3 Qd3 44. Qxd3 cxd3 45. hxg4 d2 46. Rf7 g5 0-1

[Event "Niedersachsen-ch Meister 2024"]
[Site "Verden Aller"]
[Date "2024.01.04"]
[Round "2.5"]
[White "Riemay, David"]
[Black "von Mettenheim, Johannes"]
[Result "1-0"]
[ECO "B12"]
[WhiteElo "2213"]
[BlackElo "2284"]
[Annotator "RC"]
[PlyCount "57"]
[EventDate "2024.01.01"]
[EventType "swiss"]
[EventCountry "GER"]
[SourceTitle "playchess.com"]
[Source "ChessBase"]
[SourceQuality "1"]
[TimeControl "40/5400+30:1800+30"]

1. e4 c6 2. d4 d5 3. f3 Qb6 4. Nc3 dxe4 5. Bc4 Nf6 6. Bb3 e3 7. Bxe3 Bf5 8. Qd2 e6 9. g4 Bg6 10. d5 Bc5 11. Bxc5 Qxc5 12. dxe6 O-O 13. O-O-O Na6 14. Nge2 fxe6 15. Bxe6+ Kh8 16. Nf4 Bf7 17. Rhe1 Nc7 18. Bxf7 Rxf7 19. Nd3 Qa5 20. Ne5 Rff8 21. Kb1 Rae8 22. Qd6 Kg8 23. Nc4 Qa6 24. Ne3 Ne6 25. Nf5 Ng5 26. Re7 Nf7 27. Qe6 Qa5 28. g5 Kh8 29. gxf6 1-0

[Event "Niedersachsen-ch Meister 2024"]
[Site "Verden Aller"]
[Date "2024.01.04"]
[Round "2.6"]
[White "Pubantz, Jan"]
[Black "Bundan, Edward"]
[Result "1-0"]
[ECO "D80"]
[WhiteElo "2288"]
[BlackElo "1706"]
[Annotator "RC"]
[PlyCount "51"]
[EventDate "2024.01.01"]
[EventType "swiss"]
[EventCountry "GER"]
[SourceTitle "playchess.com"]
[Source "ChessBase"]
[SourceQuality "1"]
[TimeControl "40/5400+30:1800+30"]

1. d4 Nf6 2. c4 g6 3. Nc3 d5 4. h4 h5 5. Nf3 Bg7 6. Bg5 c6 7. cxd5 cxd5 8. Qb3 e6 9. e3 Nc6 10. Bd3 Qa5 11. O-O O-O 12. Rac1 Qb4 13. Qxb4 Nxb4 14. Be2 a6 15. Ne5 a5 16. Bb5 Na6 17. Na4 Rb8 18. Nb6 Rd8 19. Nd3 Bd7 20. Nxd7 Nxd7 21. Bxd8 Rxd8 22. Bxa6 bxa6 23. Rc6 Nb8 24. Rc7 Bf8 25. Rfc1 Rd6 26. Ne5 1-0

[Event "Niedersachsen-ch Meister 2024"]
[Site "Verden Aller"]
[Date "2024.01.04"]
[Round "2.7"]
[White "Mimkes, Antal"]
[Black "Laubsch, Bernd"]
[Result "1-0"]
[ECO "B20"]
[WhiteElo "1823"]
[BlackElo "2259"]
[Annotator "RC"]
[PlyCount "57"]
[EventDate "2024.01.01"]
[EventType "swiss"]
[EventCountry "GER"]
[SourceTitle "playchess.com"]
[Source "ChessBase"]
[SourceQuality "1"]
[TimeControl "40/5400+30:1800+30"]

1. e4 c5 2. b4 cxb4 3. a3 bxa3 4. d4 d5 5. exd5 Qxd5 6. Nc3 Qd8 7. Bxa3 Nf6 8. Bc4 a6 9. Nf3 b5 10. Bb3 Bb7 11. d5 Nbd7 12. O-O Nb6 13. d6 e6 14. Re1 Rc8 15. Ng5 Nc4 16. Qe2 Qd7 17. Bb4 h6 18. Nge4 Qc6 19. Rad1 Kd8 20. Bxc4 bxc4 21. Ba5+ Kd7 22. f3 Nxe4 23. Nxe4 Re8 24. Kh1 f5 25. Nd2 Qb5 26. Nxc4 e5 27. Rb1 Qc6 28. Nxe5+ Rxe5 29. Qxe5 1-0